Map: Jagannatha LE

Players

Cham - Winner!

  • Race: Zerg Zerg
  • League: Grandmaster
  • Spawn Location: 7:00

TheZergLord

  • Race: Zerg Zerg
  • Spawn Location: 1:00

Event: DreamHack SC2 Masters 2020 Winter

VOD

Have the link to the VOD?

Description

Time

  • Played on: Oct. 22, 2020, 4:52 p.m.
  • Length: 9:00

All games in this series

Show
View Real Time Build Order
Export as new Build Order

Cham Zerg - Winner!

Build Orders: Hatch First 

Get SALT Encoding   

  12  0:00  Drone  
  13  0:08  Drone  
  14  0:18  Overlord  
  14  0:36  Drone x2  
  16  0:47  Hatchery  
  15  0:51  Drone  
  15  0:56  Drone  
  17  1:09  Spawning Pool  
  16  1:12  Drone  
  16  1:15  Extractor  
  16  1:17  Drone  
  17  1:21  Drone  
  18  1:30  Drone  
  19  1:56  Zergling x4  
  19  1:58  Queen x2, Overlord  
  25  2:04  Drone  
  26  2:11  Drone  
  26  2:14  Drone  
  28  2:15  Metabolic Boost  
  28  2:21  Drone  
  29  2:26  Drone  
  30  2:39  Hatchery  
  29  2:47  Drone  
  29  2:49  Baneling Nest  
  29  2:51  Zergling x4  
  31  2:58  Drone x3  
  33  3:03  Overlord  
  33  3:11  Overlord  
  33  3:13  Drone  
  33  3:14  Zergling x2  
  35  3:22  Zergling x8  
  35  3:25  Zergling x2  
  40  3:27  Drone  
  41  3:34  Baneling x3  
  41  3:36  Drone x2  
  41  3:41  Drone x2  
  45  3:42  Drone  
  45  3:45  Overlord  
  45  3:48  Drone  
  47  3:53  Drone  
  47  3:54  Drone  
  49  3:57  Drone  
  49  3:58  Drone  
  51  4:05  Drone  
  51  4:06  Drone x2  
  54  4:11  Lair  
  54  4:12  Evolution Chamber  
  54  4:13  Drone  
  54  4:15  Drone  
  56  4:17  Drone x2  
  56  4:19  Drone  
  57  4:26  Roach Warren  
  57  4:29  Extractor x2, Queen  
  56  4:33  Overlord  
  56  4:38  Drone x2  
  56  4:39  Drone x2  
  56  4:42  Drone  
  56  4:45  Drone  
  62  4:47  Zerg Missile Weapons Level 1  
  62  4:48  Overlord  
  62  4:54  Overlord  
  62  4:56  Drone x3  
  62  4:59  Extractor  
  64  5:00  Overlord  
  64  5:04  Overlord  
  64  5:14  Roach  
  66  5:15  Roach x3  
  66  5:16  Roach  
  66  5:17  Roach x2  
  66  5:21  Glial Reconstitution  
  76  5:23  Overlord  
  76  5:28  Roach  
  76  5:33  Roach  
  76  5:35  Drone  
  81  5:37  Overlord  
  81  5:38  Overseer  
  81  5:40  Drone x2  
  81  5:41  Roach  
  81  5:42  Roach x2  
  89  5:49  Roach x3  
  94  5:51  Roach  
  94  5:53  Roach  
  94  5:54  Roach  
  96  5:59  Roach x3  
  96  6:02  Roach  
  103  6:05  Roach  
  103  6:07  Overlord  
  105  6:16  Roach  
  105  6:18  Roach x2  
  111  6:19  Roach x3  
  111  6:21  Overlord  
  111  6:25  Roach x2  
  119  6:26  Roach  
  121  6:33  Roach  
  121  6:34  Roach  
  121  6:37  Overlord  
  125  6:42  Extractor  
  126  6:47  Roach x3  
  126  6:51  Roach x2  
  126  6:52  Hatchery  
  133  6:54  Drone x3  
  133  6:59  Drone  
  133  7:00  Drone  
  138  7:03  Drone x2  
  138  7:06  Drone x2  
  142  7:08  Overlord  
  142  7:12  Roach x2  
  146  7:18  Overlord  
  146  7:19  Overlord  
  146  7:21  Overlord  
  146  7:26  Hydralisk Den, Overlord  
  146  7:28  Extractor, Roach  
  146  7:30  Drone  
  146  7:32  Roach  
  146  7:33  Roach  
  146  7:36  Roach  
  153  7:38  Overlord  
  153  7:40  Roach  
  153  7:42  Drone  
  153  7:43  Drone x2  
  158  7:45  Roach  
  158  7:47  Roach  
  158  7:51  Overlord  
  162  7:57  Drone x4  
  166  8:01  Hydralisk x2  
  166  8:04  Hydralisk  
  172  8:07  Hydralisk  
  172  8:09  Hydralisk  
  176  8:13  Hydralisk  
  176  8:16  Drone  
  176  8:18  Lurker Den  
  176  8:19  Roach  
  180  8:21  Hydralisk  
  180  8:25  Drone x2  
  180  8:26  Drone  
  185  8:27  Hydralisk  
  185  8:29  Hydralisk  
  185  8:32  Hydralisk  
Show
View Real Time Build Order
Export as new Build Order

TheZergLord Zerg 

Build Orders: Hatch First, Roach Nydus 

Get SALT Encoding   

  12  0:00  Drone  
  13  0:12  Overlord  
  13  0:17  Drone  
  14  0:30  Drone  
  14  0:31  Drone  
  16  0:48  Hatchery  
  15  0:51  Drone  
  15  0:55  Drone  
  17  0:58  Drone  
  18  1:10  Extractor  
  17  1:14  Spawning Pool  
  17  1:17  Drone  
  17  1:20  Drone  
  18  1:28  Drone  
  19  1:41  Drone  
  20  1:51  Drone  
  21  2:01  Queen x2  
  23  2:02  Zergling x2  
  23  2:03  Overlord  
  26  2:11  Drone  
  26  2:12  Drone  
  28  2:23  Zergling x4  
  30  2:35  Drone x2  
  32  2:39  Hatchery  
  32  2:41  Queen  
  33  2:47  Overlord  
  33  2:52  Drone  
  33  2:57  Drone x2  
  36  3:06  Roach Warren  
  36  3:07  Drone  
  36  3:13  Drone x2  
  36  3:14  Drone  
  36  3:17  Overlord  
  38  3:22  Drone x2  
  38  3:24  Drone  
  41  3:28  Drone  
  41  3:31  Drone  
  43  3:38  Evolution Chamber  
  42  3:47  Evolution Chamber  
  45  3:48  Roach x3  
  45  3:49  Roach x2  
  45  3:52  Extractor  
  50  3:57  Lair  
  50  4:08  Drone x2  
  51  4:10  Drone x4, Extractor, Overlord  
  53  4:18  Drone x3  
  53  4:19  Drone  
  57  4:25  Zerg Missile Weapons Level 1  
  57  4:26  Overlord  
  57  4:29  Overlord  
  57  4:41  Roach  
  57  4:43  Overlord  
  61  4:45  Roach  
  61  4:46  Roach x3  
  61  4:49  Roach  
  69  4:54  Glial Reconstitution  
  69  5:01  Nydus Network  
  68  5:13  Overseer  
  68  5:21  Overlord  
  67  5:22  Roach x5  
  77  5:34  Hatchery  
  76  5:35  Overlord  
  76  5:39  Nydus Canal  
  75  5:43  Roach x3  
  75  5:44  Roach  
  83  5:56  Nydus Canal  
  83  5:58  Roach  
  83  6:00  Roach  
  83  6:03  Roach  
  87  6:09  Roach x2  
  85  6:22  Nydus Canal  
  85  6:23  Roach x2  
  83  6:27  Overlord  
  83  6:28  Drone x3  
  83  6:29  Drone x2  
  88  6:36  Overseer  
  88  6:39  Drone  
  89  6:40  Roach x3  
  95  6:49  Queen  
  95  6:53  Drone  
  95  6:54  Drone x5  
  101  6:59  Drone x2  
  105  7:03  Extractor  
  105  7:04  Extractor  
  105  7:07  Roach x2  
  107  7:14  Overlord  
  107  7:15  Roach x3  
  113  7:23  Overlord x3  
  113  7:31  Overlord  
  113  7:34  Drone x2  
  113  7:35  Drone x2  
  117  7:40  Drone x2  
  117  7:42  Extractor  
  117  7:44  Spire  
  117  7:45  Drone x4  
  117  7:51  Roach  
  123  7:53  Roach x3  
  123  7:55  Roach  
  131  8:11  Drone x5  
  136  8:18  Ravager x6  
  142  8:22  Roach x3  
  142  8:25  Roach x2  
  152  8:27  Overlord x3  
  152  8:33  Overlord  
Tags
 
Add a new tag
Caveats
  • Supply blocks, unpowered buildings, or Contaminate may cause inaccurate times.
  • Supply counts are checked every 10 seconds.